 Dungeon Crawl Stone Soup version 0.19.5 (webtiles) character file.

151 galech the Ruffian (level 5, -3/52 HPs)
             Began as a Troll Fighter on Mar 20, 2017.
             Slain by a gnoll
             ... wielding a +0 spear
              (5 damage)
             ... on level 3 of the Dungeon.
             The game lasted 00:02:43 (1432 turns).

galech the Ruffian (Troll Fighter)                  Turns: 1432, Time: 00:02:44

Health: -3/52      AC:  6    Str: 30    XL:     5   Next: 10%
Magic:  4/4        EV:  8    Int:  4    God:
Gold:   143        SH:  9    Dex:  9    Spells: 0 memorised, 4 levels left

rFire  . . .     SeeInvis .       - Unarmed
rCold  . . .     Gourm    +     a - +0 robe
rNeg   . . .     Faith    .     b - +0 shield
rPois  .         Spirit   .     (helmet restricted)
rElec  .         Reflect  .     v - +0 cloak
rCorr  .         Harm     .     (gloves unavailable)
MR     .....                    (boots unavailable)
Stlth  +.........               (no amulet)
                                (no ring)
                                s - +5 ring of strength

@: lethally poisoned (-3 -> -3)
A: unfitting armour, claws 3, fast metabolism 3, gourmand, regeneration 1,
shaggy fur 1, tough skin 2
a: no special abilities


You were on level 3 of the Dungeon.
You were completely stuffed.

You visited 1 branch of the dungeon, and saw 3 of its levels.

You collected 143 gold pieces.

Inventory:

Armour
 a - a +0 robe (worn)
 b - a +0 shield (worn)
 v - a +0 cloak (worn)
Jewellery
 s - a +5 ring of strength (left claw)
Scrolls
 e - a scroll of enchant weapon {unknown}
 f - 5 scrolls of noise {unknown}
 h - 3 scrolls of identify {unknown}
 j - a scroll of random uselessness {unknown}
 l - a scroll of enchant armour {unknown}
 m - a scroll of magic mapping {unknown}
 o - a scroll of amnesia {unknown}
 r - a scroll of recharging {unknown}
 t - a scroll of fog {unknown}
Potions
 c - 2 potions of might
 i - a potion of degeneration {unknown}
 k - a potion of berserk rage {unknown}
 p - a potion of heal wounds {unknown}
 q - a potion of ambrosia {unknown}
 u - a potion of lignification {unknown}
Comestibles
 d - 3 bread rations
 g - 2 chunks of flesh
 n - 3 fruits


   Skills:
 + Level 2.8 Fighting
 + Level 3.1 Dodging
 + Level 0.1 Stealth
 + Level 3.0 Shields
 + Level 3.7 Unarmed Combat


You had 4 spell levels left.
You didn't know any spells.

Dungeon Overview and Level Annotations

Branches:
Dungeon (2/15)

Altars:


Innate Abilities, Weirdness & Mutations

You are too large for most types of armour.
You have claws for hands.
Your metabolism is lightning-fast.
You like to eat raw meat.
Your natural rate of healing is unusually fast.
You are covered in fur. (AC +1)
You have very tough skin. (AC +2)


Message History

The adder bites you.
You are poisoned.
The adder poisons you! The goblin hits you but does no damage.
The hobgoblin hits you with a club.
You feel sick.
The hobgoblin hits you but does no damage.
The adder bites you.
* * * LOW HITPOINT WARNING * * *
You block the hobgoblin's attack.
The gnoll hits you from afar with a spear!
* * * LOW HITPOINT WARNING * * *
The hobgoblin hits you but does no damage.
You block the hobgoblin's attack. The gnoll hits you but does no damage.
You feel sick. You block the adder's attack.
The gnoll hits you from afar with a spear.
* * * LOW HITPOINT WARNING * * *
The hobgoblin barely misses you. The hobgoblin hits you with a club.
* * * LOW HITPOINT WARNING * * *
The gnoll hits you from afar with a spear.
You die...

##.....#
##......+
#.......#####
#).).........
+.(.........
#.†........
#..gg...##
##ggg...+
##S.@..#
#######


You could see a gnoll, an adder, 3 hobgoblins and a goblin.

Vanquished Creatures
  Crazy Yiuf (D:2)
  Terence (D:2)
  3 adders (D:2)
  2 oozes
  A worm (D:2)
  4 dart slugs
  4 leopard geckos
  A giant cockroach (D:2)
  7 goblins
  5 hobgoblins
  2 ball pythons (D:2)
  4 bats
  7 frilled lizards
  6 kobolds
  6 rats
54 creatures vanquished.

Notes
Turn   | Place    | Note
-------+----------+-------------------------------------------
     0 | D:1      | galech the Troll Fighter began the quest for the Orb.
     0 | D:1      | Reached XP level 1. HP: 22/22 MP: 0/0
   164 | D:1      | Reached XP level 2. HP: 29/29 MP: 1/1
   536 | D:1      | Reached XP level 3. HP: 36/36 MP: 2/2
   822 | D:2      | Found a faded altar of an unknown god.
   951 | D:2      | Reached XP level 4. HP: 44/44 MP: 3/3
  1052 | D:2      | Noticed Terence
  1061 | D:2      | Killed Terence
  1191 | D:2      | Found a runed door.
  1195 | D:2      | Noticed Crazy Yiuf
  1201 | D:2      | Killed Crazy Yiuf
  1201 | D:2      | Reached XP level 5. HP: 52/52 MP: 4/4
  1414 | D:2      | You fall through a shaft!
  1431 | D:3      | HP: 1/52 [hobgoblin/club (3)]
  1432 | D:3      | Slain by a gnoll

Skill      XL: |  1  2  3  4 |
---------------+-------------+-----
Unarmed Combat | 3 |  3.7
Shields        | 3 |  3.0
Dodging        | 3 |  3.1
Fighting       | |  2.8
Stealth        | |  0.1

Action                   |  1- 3 |  4- 6 || total
-------------------------+-------+-------++-------
Melee: Unarmed           |   101 |    51 ||   152
  Eat: Chunk             |    14 |     5 ||    19
Armor: Robe              |    36 |    28 ||    64
Dodge: Dodged            |    29 |    18 ||    47
Block: Shield            |    51 |    43 ||    94
